 Dungeon Crawl Stone Soup version 0.29.1-12-g30fa7ad0bf (webtiles) character file.

Game seed: 13680009663627059049

19812 mortz the Severer (level 12, -3/110 HPs)
             Began as a Hill Orc Fighter on Dec 25, 2022.
             Was a High Priest of Okawaru.
             Slain by a death yak simulacrum (14 damage)
             ... in an ice cave.
             The game lasted 01:10:03 (16923 turns).

mortz the Severer (Hill Orc Fighter)               Turns: 16923, Time: 01:10:05

Health: -3/110     AC: 22    Str: 27    XL:     12   Next: 72%
Magic:  16/16      EV:  9    Int: 14    God:    Okawaru [*****.]
Gold:   392        SH:  0    Dex: 10    Spells: 11/11 levels left

rFire   x . .      SeeInvis .   a - +6 battleaxe of the Realm of Zot {drain, Int+6}
rCold   + . .      Faith    .   (shield currently unavailable)
rNeg    . . .      Spirit   .   E - +0 plate armour
rPois   .          Reflect  .   g - +1 helmet
rElec   .          Harm     .   R - +0 cloak
rCorr   .          Rampage  .   G - +0 pair of gloves "Qeank" {+Inv Str+3}
Will    .....                   l - +1 pair of boots
Stlth   ..........              Y - amulet of regeneration
HPRegen 1.08/turn               y - +4 ring of protection
MPRegen 0.15/turn               W - ring of ice

@: mighty
A: no striking features
a: Renounce Religion, Evoke Invisibility, Heroism, Finesse, Duel


You were in an ice cave.
You worshipped Okawaru.
Okawaru was extremely pleased with you.
You visited 3 branches of the dungeon, and saw 14 of its levels.
You also visited: Ice Cave.

You collected 686 gold pieces.
You spent 294 gold pieces at shops.

Inventory:

Hand Weapons
 a - the +6 battleaxe of the Realm of Zot (weapon) {drain, Int+6}
   (You found it on level 6 of the Dungeon)

   A truly terrible weapon, it drains the life of any living foe it strikes.
   Int:       It affects your intelligence (+6).
 b - a +0 sling
 j - a +2 scimitar of flaming
 w - a +0 whip of venom
 O - a +0 great mace of protection
 P - a +1 war axe
Missiles
 f - 4 javelins
 m - 26 poisoned darts (quivered)
 r - 2 curare-tipped darts
 D - 8 boomerangs
Armour
 c - a +0 buckler
 g - a +1 helmet (worn)
 l - a +1 pair of boots (worn)
 E - a +0 plate armour (worn)
 G - the +0 pair of gloves "Qeank" (worn) {+Inv Str+3}
   (You found it on level 4 of the Dungeon)

   Str:       It affects your strength (+3).
   +Inv:      It lets you turn invisible.
 K - a +1 ring mail of willpower
 N - a +0 troll leather armour
 R - a +0 cloak (worn)
Jewellery
 q - a +6 ring of dexterity
 x - a +6 ring of strength
 y - a +4 ring of protection (left hand)
 F - the ring "Kecsibov" {rElec rN++ rCorr Int-2 SInv}
   (You found it on level 4 of the Dungeon)

   [ring of see invisible]

   Int:       It affects your intelligence (-2).
   rElec:     It insulates you from electricity.
   rN:        It greatly protects you from negative energy.
   SInv:      It lets you see invisible.
   rCorr:     It protects you from acid and corrosion.
 T - a ring of poison resistance
 W - a ring of ice (right hand)
 Y - an amulet of regeneration (around neck)
 Z - the ring "Xesump" {rF+ rN+ Dex+3}
   (You found it on level 3 of the Lair of Beasts)

   [ring of protection from fire]

   Dex:       It affects your dexterity (+3).
   rF:        It protects you from fire.
   rN:        It protects you from negative energy.
Wands
 A - a wand of roots (10)
 I - a wand of digging (11)
 Q - a wand of polymorph (5)
 V - a wand of flame (13)
Scrolls
 h - 4 scrolls of amnesia
 i - a scroll of noise {unknown}
 k - a scroll of immolation
 s - 4 scrolls of magic mapping
 t - 2 scrolls of silence
 u - a scroll of enchant weapon
 z - 3 scrolls of teleportation
 B - a scroll of torment
 C - 3 scrolls of fear
 H - a scroll of vulnerability {unknown}
 J - a scroll of brand weapon {unknown}
 S - 2 scrolls of poison
 X - a scroll of identify
Potions
 d - a potion of might
 e - a potion of resistance
 n - 4 potions of curing
 o - 5 potions of cancellation
 p - 2 potions of mutation
 v - 3 potions of attraction
 L - 4 potions of flight
 M - 5 potions of lignification


   Skills:
 * Level 11.6 Fighting
 * Level 15.1 Axes
 + Level 7.0 Ranged Weapons
 - Level 4.6 Armour
 + Level 6.1 Dodging
 - Level 4.7 Shields
 * Level 6.3 Invocations
 + Level 7.4 Evocations


You had 11 spell levels left.
You didn't know any spells.
Your spell library contained the following spells:

 Spells                   Type           Power      Damage    Failure   Level
 Shock                    Conj/Air       0%         1d3       98%         1
 Blink                    Tloc           0%         N/A       99%         2
 Scorch                   Fire           0%         2d5       99%         2
 Confusing Touch          Hex            0%         N/A       100%        3
 Dazzling Flash           Conj/Hex       0%         N/A       100%        3
 Inner Flame              Hex/Fire       0%         N/A       100%        3
 Lesser Beckoning         Tloc           0%         N/A       100%        3
 Ozocubu's Armour         Ice            0%         N/A       100%        3
 Airstrike                Air            0%         2d(0-16)  100%        4
 Agony                    Necr           0%         N/A       100%        5
 Lightning Bolt           Conj/Air       0%         1d11      100%        5
 Manifold Assault         Tloc           0%         N/A       100%        5
 Silence                  Hex/Air        0%         N/A       100%        5
 Yara's Violent Unravell  Hex/Tmut       0%         3d3       100%        5
 Enfeeble                 Hex            0%         N/A       100%        7
 Ozocubu's Refrigeration  Ice            0%         4d7       100%        7
 Summon Lightning Spire   Summ/Air       Unusable   N/A       N/A         4

Dungeon Overview and Level Annotations

Branches:
Dungeon (10/15) Zot: 25154  Temple (1/1) D:7 Zot: 5946    Lair (3/5) D:10 Zot: 15987
  Swamp (0/4) Lair:3       Spider (0/4) Lair:3          Orc (0/2) D:10
  IceCv (1/1) Zot: 5986

Altars:
Ashenzari
Cheibriados
Dithmenos
Elyvilon
Fedhas
Gozag
Hepliaklqana
Kikubaaqudgha
Makhleb
Nemelex Xobeh
Okawaru
Qazlal
Ru
Sif Muna
Trog
Uskayaw
Vehumet
Wu Jian
Xom
Yredelemnul
Zin
The Shining One
Beogh

Shops:
D:4 (*   D:7 *

Annotations:
D:6 2 transporters, Smersh616's ghost, novice OpDe
D:10 2 transporters
Lair:1 2 transporters, exclusion: 2 ice statues, Fiagud's ghost, novice VSBr
Lair:3 1 runed translucent door


Message History

You hit the death yak simulacrum. You slash the white ugly thing!
You drain the white ugly thing. You slash the elephant simulacrum!
The white ugly thing claws you! The white ugly thing freezes you! You resist.
* * * LOW HITPOINT WARNING * * *
You hit the death yak simulacrum. You hit the white ugly thing.
You drain the white ugly thing.
You hit the elephant simulacrum but do no damage.
The white ugly thing claws you.
* * * LOW HITPOINT WARNING * * *
The white ugly thing freezes you! You resist.
* * * LOW HITPOINT WARNING * * *
The elephant simulacrum barely misses you.
The elephant simulacrum closely misses you.
The death yak simulacrum closely misses you.
You feel very mighty all of a sudden.
The death yak simulacrum completely misses you.
You slash the death yak simulacrum!
The death yak simulacrum is almost destroyed.
You slice the white ugly thing!! You drain the white ugly thing!
You kill the white ugly thing!
Okawaru accepts your kill.
You hit the elephant simulacrum but do no damage.
You completely miss the death yak simulacrum.
The death yak simulacrum is almost destroyed.
You slice the elephant simulacrum!!
The elephant simulacrum vaporises!
Okawaru accepts your kill. The death yak simulacrum gores you.
* * * LOW HITPOINT WARNING * * *
The death yak simulacrum freezes you! You resist.
* * * LOW HITPOINT WARNING * * *
You feel better.
You hit the death yak simulacrum but do no damage.
The death yak simulacrum is almost destroyed.
You hit the elephant simulacrum.
The elephant simulacrum barely misses you.
The death yak simulacrum gores you.
* * * LOW HITPOINT WARNING * * *
The death yak simulacrum freezes you! You resist.
You die...

### ###...
#......
##.......
##........
#.......8.
#.†.......
#@Z......[
#.Z.......
#.......8.
##........
##.......
#......
###... ###


You could see a death yak simulacrum and an elephant simulacrum.

Vanquished Creatures
  Fannar (D:10)
  A two-headed ogre (D:9)
  Erica (D:8)
  5 death yaks
  Pikel (D:8)
  2 ugly things
  An oklob plant (D:10)
  Maurice (D:8)
  3 cane toads (Lair:2)
  A black mamba (D:10)
  A kobold demonologist (D:8)
  3 komodo dragons
  2 hornets (D:8)
  7 blink frogs
  Grinder (D:3)
  Prince Ribbit (D:8)
  Sigmund (D:3)
  2 wyverns (D:10)
  23 yaks
  2 basilisks
  2 steam dragons (D:8)
  2 vampire mosquitoes (D:10)
  2 death yak simulacra (Lair:3)
  3 water moccasins
  An ice beast (D:7)
  A sky beast (D:7)
  A black bear (D:5)
  2 orc warriors
  2 ogres
  3 centaurs
  6 wolves (Lair:1)
  2 phantoms
  4 lemures (D:7)
  2 kobold brigands
  A gnoll sergeant (D:5)
  7 bullfrogs
  2 scorpions
  2 cane toad simulacra (Lair:3)
  4 wights (D:9)
  8 killer bees (D:9)
  An elephant simulacrum (IceCv)
  4 howler monkeys
  An electric eel (D:10)
  A hound (D:6)
  2 jellies
  2 orc priests
  5 iguanas
  6 orc wizards
  A polar bear simulacrum (Lair:3)
  3 gnolls (D:6)
  6 adders
  2 shadow imps
  2 white imps
  An ufetubus (D:6)
  A worm (D:5)
  2 dart slugs
  27 orcs
  7 bats
  7 endoplasms
  3 giant cockroaches (D:1)
  6 goblins
  7 hobgoblins
  3 jackals (D:3)
  5 quokkas
  9 ball pythons
  6 frilled lizards
  21 kobolds
  6 rats
  8 bushes (D:2)
272 creatures vanquished.

Vanquished Creatures (others)
  A wizard (D:5)
  2 orc wizards (D:5)
  2 fungi
  40 plants
45 creatures vanquished.

Grand Total: 317 creatures vanquished

Notes
Turn   | Place    | Note
-------+----------+-------------------------------------------
     0 | D:1      | mortz the Hill Orc Fighter began the quest for the Orb.
     0 | D:1      | Reached XP level 1. HP: 19/19 MP: 1/1
    34 | D:1      | Reached skill level 3 in Axes
    43 | D:1      | Reached XP level 2. HP: 26/27 MP: 2/2
   417 | D:1      | Found a faded altar of an unknown god.
   422 | D:1      | Reached XP level 3. HP: 33/33 MP: 3/3
  1557 | D:2      | Reached skill level 4 in Axes
  1557 | D:2      | Reached XP level 4. HP: 35/40 MP: 4/4
  2459 | D:3      | Noticed Sigmund
  2856 | D:3      | Killed Sigmund
  2857 | D:3      | Reached skill level 5 in Axes
  2857 | D:3      | Reached skill level 1 in Ranged Weapons
  2857 | D:3      | Reached XP level 5. HP: 30/47 MP: 5/5
  2857 | D:3      | Reached XP level 6. HP: 34/53 MP: 6/6
  2858 | D:3      | Noticed Grinder
  2863 | D:3      | Paralysed by Grinder for 5 turns
  2871 | D:3      | Paralysed by Grinder for 5 turns
  3051 | D:3      | Killed Grinder
  3052 | D:3      | Reached skill level 5 in Fighting
  3052 | D:3      | Reached skill level 6 in Axes
  3052 | D:3      | Reached XP level 7. HP: 16/61 MP: 7/7
  3346 | D:3      | Found a sacrificial altar of Ru.
  3352 | D:3      | Found a blossoming altar of Fedhas.
  3951 | D:4      | Identified the ring "Kecsibov" {rElec rN++ rCorr Int-2
                  | SInv}
  4039 | D:4      | Found Qoicwo's Gadget Gallery.
  4215 | D:4      | Identified the +0 pair of gloves "Qeank" {+Inv Str+3}
  4588 | D:4      | Found Xeralula's Antique Weapon Shoppe.
  4924 | D:5      | Entered Level 5 of the Dungeon
  5119 | D:5      | Reached skill level 1 in Evocations
  5369 | D:5      | Reached skill level 7 in Axes
  5609 | D:5      | Noticed a yak
  5610 | D:5      | Noticed a yak
  5611 | D:5      | Noticed a yak
  5611 | D:5      | Noticed a yak
  5611 | D:5      | Noticed a yak
  5614 | D:5      | Noticed a yak
  5616 | D:5      | Killed a yak
  5617 | D:5      | Reached skill level 1 in Dodging
  5617 | D:5      | Reached XP level 8. HP: 66/70 MP: 8/8
  5649 | D:4      | Killed a yak
  5994 | D:5      | Reached skill level 8 in Axes
  6051 | D:5      | Found a shadowy altar of Dithmenos.
  6142 | D:5      | Found a shimmering blue altar of Sif Muna.
  6176 | D:5      | Found a bloodstained altar of Trog.
  6177 | D:5      | Noticed a wizard
  6183 | D:5      | Killed a wizard
  6491 | D:4      | Killed a yak
  6532 | D:4      | Killed a yak
  6533 | D:4      | Reached skill level 9 in Axes
  6646 | D:4      | Killed a yak
  6647 | D:4      | Reached XP level 9. HP: 35/78 MP: 9/9
  6979 | D:5      | Found a bloodstained altar of Trog.
  7016 | D:5      | Found a shimmering blue altar of Sif Muna.
  7040 | D:5      | Found a shadowy altar of Dithmenos.
  7949 | D:6      | Found a basalt altar of Yredelemnul.
  8093 | D:6      | Found a transporter.
  8094 | D:6      | Noticed a boulder beetle
  8097 | D:6      | Noticed Smersh616's ghost (novice OpDe)
  8101 | D:6      | Found a transporter.
  8274 | D:6      | Identified the +6 battleaxe of the Realm of Zot {drain,
                  | Int+6}
  8779 | D:7      | Reached skill level 10 in Axes
  8828 | D:7      | Found a stormy altar of Qazlal.
  9299 | D:7      | Found a staircase to the Ecumenical Temple.
  9310 | Temple   | Entered the Ecumenical Temple
  9355 | Temple   | Became a worshipper of Warmaster Okawaru
  9496 | D:7      | Found an opulent altar of Gozag.
  9496 | D:7      | Found Gozag's Platinum Reserve.
  9620 | D:8      | Noticed Prince Ribbit
  9631 | D:8      | Killed Prince Ribbit
  9644 | D:8      | Noticed Maurice
  9646 | D:8      | Noticed a hornet
  9656 | D:8      | Killed Maurice
  9656 | D:8      | Reached * piety under Okawaru
  9660 | D:8      | Reached XP level 10. HP: 44/88 MP: 10/10
  9667 | D:8      | Reached skill level 11 in Axes
  9674 | D:7      | HP: 2/88 [poisoned by a kobold brigand (curare-tipped
                  | dart)]
 10046 | D:8      | Noticed Pikel
 10196 | D:8      | Killed Pikel
 10294 | D:8      | Noticed a cyan ugly thing
 10304 | D:8      | Killed a cyan ugly thing
 10305 | D:8      | Reached skill level 5 in Ranged Weapons
 10305 | D:8      | Reached skill level 5 in Evocations
 10399 | D:8      | Noticed Erica
 10422 | D:8      | Killed Erica
 10422 | D:8      | Reached ** piety under Okawaru
 10423 | D:8      | Reached skill level 12 in Axes
 11300 | D:4      | Bought a wand of digging (5) for 294 gold pieces
 11507 | D:8      | Noticed a kobold demonologist
 11514 | D:8      | Noticed a sun demon
 11514 | D:8      | Killed a kobold demonologist
 12184 | D:9      | Reached *** piety under Okawaru
 12188 | D:9      | Noticed a two-headed ogre
 12487 | D:9      | Reached XP level 11. HP: 80/95 MP: 11/11
 12497 | D:9      | Killed a two-headed ogre
 12498 | D:9      | Reached skill level 13 in Axes
 13062 | D:10     | Entered Level 10 of the Dungeon
 13062 | D:10     | Noticed an oklob plant
 13109 | D:10     | Reached **** piety under Okawaru
 13112 | D:10     | Reached skill level 5 in Dodging
 13112 | D:10     | Reached skill level 1 in Invocations
 13469 | D:10     | Found a staircase to the Orcish Mines.
 13622 | D:10     | Noticed a cyclops
 13631 | D:10     | Reached ***** piety under Okawaru
 13667 | D:10     | Found a staircase to the Lair.
 13716 | D:10     | Found a glowing silver altar of Zin.
 13754 | D:10     | Found a roughly hewn altar of Beogh.
 13868 | D:10     | Got the Grimoire of the Heated Wind
 13946 | D:10     | Found a transporter.
 13946 | D:10     | Found a transporter.
 13948 | D:10     | Noticed an ogre mage
 13997 | D:10     | Killed an oklob plant
 14088 | Lair:1   | Entered Level 1 of the Lair of Beasts
 14088 | Lair:1   | Noticed Fannar
 14100 | D:10     | Killed Fannar
 14101 | D:10     | Reached skill level 10 in Fighting
 14258 | Lair:1   | Noticed a death yak
 14331 | Lair:1   | Noticed a death yak
 14331 | Lair:1   | Noticed a death yak
 14331 | Lair:1   | Noticed a death yak
 14340 | Lair:1   | Noticed a death yak
 14355 | D:10     | Identified the +0 pair of gloves of the Hot Ocelot {rPois
                  | Will- rCorr Str+4} (Okawaru gifted it to you on level 10 of
                  | the Dungeon)
 14355 | D:10     | Received a gift from Okawaru
 14356 | D:10     | Reached skill level 14 in Axes
 14362 | D:10     | Killed a death yak
 14648 | D:9      | Killed a death yak
 14649 | D:9      | Reached XP level 12. HP: 44/107 MP: 14/14
 14929 | D:9      | Killed a death yak
 14971 | D:10     | Killed a death yak
 15043 | D:10     | Killed a death yak
 15187 | Lair:1   | Found a transporter.
 15187 | Lair:1   | Found a transporter.
 15198 | Lair:1   | Noticed Fiagud's ghost (novice VSBr)
 16038 | Lair:2   | Reached skill level 5 in Invocations
 16570 | Lair:2   | You fall into a shaft and drop 1 floor!
 16698 | Lair:2   | Reached skill level 15 in Axes
 16841 | Lair:3   | Found a staircase to the Swamp.
 16856 | Lair:3   | Found a runed translucent door.
 16858 | Lair:3   | Identified the ring "Xesump" {rF+ rN+ Dex+3}
 16874 | Lair:3   | Found a frozen archway.
 16910 | IceCv    | Entered an ice cave
 16921 | IceCv    | HP: 3/110 [death yak simulacrum (11)]
 16923 | IceCv    | Slain by a death yak simulacrum

Illustrated notes

Levels and vault maps discovered:
D:1:      enne_arrival_octagon_isle, layout_basic,
          shapermc_ecumenical_altar_totnotflames
D:2:      layout_loops_ring, supply_closet_lemuel, lexackson_kobold_supper
D:3:      layout_loops_ring, minitemple, uniq_sigmund, uniq_grinder
D:4:      layout_loops_corners, serial_shops, nicolae_take_the_stairs,
          nicolae_shop_gadgets
D:5:      layout_loops_corners, trog_wizard, led_sif_book, amcnicky_altar_gilded
D:6:      layout_layer_cave, mainiacjoe_overflow_surrounded_room,
          gammafunk_ghost_arena
D:7:      layout_basic, nicolae_gozag_zags_fifth_avenue,
          mainiacjoe_overflow_boulevard, temple_hall
D:8:      layout_loops_cross, uniq_maurice, uniq_erica, uniq_pikel,
          uniq_prince_ribbit1
D:9:      layout_cave_pools, kennysheep_flooded_box
D:10:     gammafunk_beogh_shrine, layout_cave_pools, zin_treasury,
          dpeg_oklobed_lair, serial_bayou, serial_bayou_shore_b,
          serial_bayou_lagoon_a, serial_bayou_pond_c, serial_bayou_pond_e,
          st_stairs_3
Temple:   cyrus_circular_temple
Lair:1:   layout_regular_city, nzn_ghost_randoct, uniq_fannar
Lair:2:   layout_regular_city
Lair:3:   layout_layer_cave, swamp_mist, spider_nest_entry_web_field,
          portal_ice_cave_entry_ice_simulacra, ebering_ghost_reflecting_pool
IceCv:    ice_cave_statue_garden_transporter

Skill      XL: |  1  2  3  4  5  6  7  8  9 10 11 12 |
---------------+-------------------------------------+-----
Axes           | 3 4 5 6 7 9 10 12 14 15 | 15.1
Fighting       | 4 5 6 7 8 10 11 | 11.6
Ranged Weapons | 1 2 3 4 5 6 7 |  7.0
Armour         | 4 |  4.6
Shields        | 4 |  4.7
Evocations     | 1 3 4 5 6 7 |  7.4
Dodging        | 1 2 3 4 5 6 |  6.1
Invocations    | 3 6 |  6.3

Action                   |  1- 3 |  4- 6 |  7- 9 | 10-12 || total
-------------------------+-------+-------+-------+-------++-------
Melee: War axe           |   104 |   214 |   227 |       ||   545
       Battleaxe         |       |       |    48 |   343 ||   391
 Fire: Sling             |       |    44 |   140 |    38 ||   222
Throw: Dart              |       |       |       |    36 ||    36
  Use: Scroll            |       |     4 |     5 |    18 ||    27
       Potion            |       |       |       |     8 ||     8
Armor: Scale mail        |    39 |    16 |       |       ||    55
       Plate armour      |       |       |   181 |   272 ||   453
       Skin              |       |       |    19 |    11 ||    30
Dodge: Dodged            |    52 |     7 |    98 |   164 ||   321
Block: Buckler           |    21 |    16 |    47 |       ||    84
